 Dungeon Crawl Stone Soup version 0.29-a0-284-gf9362112df (webtiles) character file.

Game seed: 6716681677765131747

6906 Dabor the Protected (level 11, 0/63 HPs)
             Began as a Gargoyle Fighter on Mar 14, 2022.
             Was a High Priest of Hepliaklqana.
             Slain by a centaur (4 damage)
             ... on level 10 of the Dungeon.
             The game lasted 00:18:51 (9788 turns).

Dabor the Protected (Gargoyle Fighter)              Turns: 9788, Time: 00:18:51

Health: 0/63       AC: 25    Str: 24    XL:     11   Next: 6%
Magic:  15/15      EV: 11    Int:  6    God:    Hepliaklqana [*****.]
Gold:   508        SH:  4    Dex:  9    Spells: 10/10 levels left

rFire   . . .      SeeInvis +   e - +3 flail
rCold   + . .      Faith    .   c - +0 buckler
rNeg    + + +      Spirit   .   k - +0 pearl dragon scales
rPois   ∞          Reflect  .   (no helmet)
rElec   +          Harm     .   x - +0 cloak {rCorr}
rCorr   +          Rampage  .   l - +0 pair of gloves
Will    ++...                   (no boots)
Stlth   ..........              (no amulet)
HPRegen 0.20/turn               q - ring of positive energy
MPRegen 0.14/turn               g - ring "Tuuk Zoe" {rC+ Will++ Int-3 SInv}

@: no status effects
A: reduced essence, sickness immunity, AC +8, negative energy resistance 1,
electricity resistance, torment resistance 1, petrification resistance
a: Renounce Religion, Recall Ancestor, Ancestor Identity, Transference, Idealise


You were on level 10 of the Dungeon.
You worshipped Hepliaklqana.
Hepliaklqana was extremely pleased with you.
You visited 1 branch of the dungeon, and saw 10 of its levels.

You collected 508 gold pieces.

Inventory:

Hand Weapons
 a - a +0 flail
 e - a +3 flail (weapon)
 E - a +1 dire flail
Missiles
 C - 14 poisoned darts (quivered)
 K - 2 javelins
Armour
 c - a +0 buckler (worn)
 k - +0 pearl dragon scales (worn)
 l - a +0 pair of gloves (worn)
 x - a +0 cloak of preservation (worn)
Jewellery
 g - the ring "Tuuk Zoe" (right hand) {rC+ Will++ Int-3 SInv}
   (You found it on level 9 of the Dungeon)

   [ring of see invisible]

   Int:       It affects your intelligence (-3).
   rC:        It protects you from cold.
   SInv:      It lets you see invisible.
   Will:      It greatly increases your willpower.
 q - a ring of positive energy (left hand)
 D - a ring of protection from fire
 F - a ring of resist corrosion
 G - a ring of wizardry
Wands
 i - a wand of charming (11)
 o - a wand of iceblast (7)
 s - a wand of acid (8)
 H - a wand of polymorph (9)
Scrolls
 h - 2 scrolls of enchant armour
 m - 3 scrolls of teleportation
 n - 3 scrolls of immolation
 u - a scroll of vulnerability
 y - a scroll of fear
 A - a scroll of enchant weapon
 B - a scroll of magic mapping
 I - 2 scrolls of silence
Potions
 b - 4 potions of resistance
 d - 4 potions of might
 f - 4 potions of berserk rage
 j - 3 potions of invisibility
 p - a potion of magic
 r - a potion of heal wounds {unknown}
 t - a potion of attraction {unknown}
 v - a potion of cancellation
 w - a potion of brilliance {unknown}


   Skills:
 + Level 9.2 Fighting
 + Level 8.2 Maces & Flails
 + Level 9.2 Armour
 + Level 6.1 Dodging
 - Level 4.2 Shields
 - Level 6.0 Invocations


You had 10 spell levels left.
You didn't know any spells.
Your spell library contained the following spells:

 Spells                   Type           Power      Damage    Failure   Level
 Animate Skeleton         Necr           0%         N/A       85%         1
 Apportation              Tloc           0%         N/A       85%         1
 Summon Small Mammal      Summ           0%         N/A       85%         1
 Scorch                   Fire           0%         2d5       94%         2
 Call Canine Familiar     Summ           0%         N/A       99%         3
 Summon Guardian Golem    Hex/Summ       0%         N/A       99%         3
 Flame Wave               Conj/Fire      0%         2d4       100%        4
 Summon Cactus Giant      Summ           0%         N/A       100%        6
 Orb of Destruction       Conj           0%         9d5       100%        7
 Spellforged Servitor     Conj/Summ      0%         N/A       100%        7


Dungeon Overview and Level Annotations

Branches:
Dungeon (10/15)            Temple (0/1) D:6            Lair (0/6) D:9
    Orc: D:9-12

Altars:
Gozag
Hepliaklqana


Innate Abilities, Weirdness & Mutations

Your life essence is reduced to manifest your ancestor. (-10% HP)
You are immune to sickness and miasma.
Your stone body is resilient. (AC +8)
You are immune to poison.
You resist negative energy. (rN+)
You are resistant to electric shocks. (rElec)
You are resistant to unholy torment.
You are immune to petrification.


Message History

You closely miss the wraith.
The wraith is severely damaged.
The wraith hits you!
* * * LOW HITPOINT WARNING * * *
The wraith drains your vigour!
You feel as though you will be slow longer.
You fade into invisibility!
The wraith hits you!
* * * LOW HITPOINT WARNING * * *
The wraith drains your vigour!
You feel as though you will be slow longer.
The wraith closely misses you. The wraith attacks as you move away!
The wraith hits you but does no damage.
Okay, then.
As you read the scroll of teleportation, it crumbles to dust.
You feel strangely unstable. The wraith hits you.
* * * LOW HITPOINT WARNING * * *
The wraith drains your vigour!
You feel as though you will be slow longer.
The wraith closely misses you. The wraith attacks as you move away!
The wraith hits you but does no damage. The wraith attacks as you move away!
The wraith hits you but does no damage.
Okay, then.
The wraith attacks as you move away! The wraith hits you but does no damage.
Nebetia emerges from the mists of memory!
Your surroundings suddenly seem different.
Found a ring mail.
Okay, then.
As you read the scroll labelled VIOF JIHULUMAL, it crumbles to dust.
You speak a Word of immense power!
It was a scroll of holy word.
As you read the scroll labelled NUOHEA VUGHOW, it crumbles to dust.
The scroll dissolves into smoke.
It was a scroll of fog.
A centaur comes into view.
It was a potion of cancellation.
Your magical effects are unravelling.
You feel magically purged.
You feel yourself speed up.
You flicker back into view.
The centaur shouts!
The centaur hits you.
You die...

#
#§######...
#.§@§§.....
#§c#####...
#§§ #.. #..
... ##..
#[.


You could see a centaur.

Vanquished Creatures
  Josephine (D:10)
  A two-headed ogre (D:7)
  Sigmund (D:4)
  2 wraiths (D:10)
  A wyvern (D:9)
  Eustachio (D:6)
  Edmund (D:4)
  An acid dragon (D:5)
  Menkaure (D:4)
  An ice beast (D:7)
  Duvessa (D:5)
  An orc warrior (D:9)
  2 sky beasts (D:7)
  2 black bears
  2 centaurs
  An ogre (D:7)
  A kobold brigand (D:6)
  3 bullfrogs (D:7)
  2 necrophages
  2 scorpions (D:7)
  9 wights
  Dowan (D:5)
  13 killer bees
  Crazy Yiuf (D:4)
  2 orc priests
  2 hounds
  A jelly (D:4)
  5 iguanas
  Natasha (thrice) (D:2)
  6 orc wizards
  2 hexers
  4 adders
  3 gnolls
  A shadow imp (D:5)
  2 white imps (D:7)
  An ufetubus (D:7)
  4 worms
  3 dart slugs
  15 orcs
  3 endoplasms
  3 giant cockroaches
  7 goblins
  7 hobgoblins
  2 jackals (D:2)
  8 kobolds
  3 quokkas
  7 ball pythons
  3 bats (D:2)
  8 frilled lizards
  A rat (D:3)
158 creatures vanquished.

Vanquished Creatures (collateral kills)
  A cyclops (D:8)
  2 steam dragons
  An ice beast (D:7)
  A kobold brigand (D:7)
  A bullfrog (D:9)
  A necrophage (D:5)
  Blork the orc (D:4)
  2 scorpions
  A killer bee (D:7)
  A hound (D:4)
  A gnoll shaman (D:5)
  3 orc wizards
  7 gnolls
  2 adders
  2 worms
  10 orcs
  An endoplasm (D:4)
  A giant cockroach (D:2)
  2 hobgoblins
  2 jackals (D:2)
  A kobold (D:2)
  A bat (D:3)
  A frilled lizard (D:1)
  A rat (D:3)
47 creatures vanquished.

Vanquished Creatures (others)
  4 hexers
  An orc wizard (D:9)
  2 ancestors
7 creatures vanquished.

Grand Total: 212 creatures vanquished

Notes
Turn   | Place    | Note
-------+----------+-------------------------------------------
     0 | D:1      | Dabor the Gargoyle Fighter began the quest for the Orb.
     0 | D:1      | Reached XP level 1. HP: 14/14 MP: 1/1
   225 | D:1      | Reached XP level 2. HP: 9/19 MP: 2/2
   245 | D:1      | Found a faded altar of an unknown god.
   257 | D:1      | Prayed at the altar of an unknown god.
   257 | D:1      | Became a worshipper of Hepliaklqana the Forgotten
   257 | D:1      | Reached * piety under Hepliaklqana
   673 | D:1      | Reached XP level 3. HP: 18/20 MP: 3/3
  1095 | D:2      | Noticed Natasha
  1115 | D:2      | Killed Natasha
  1191 | D:2      | Reached ** piety under Hepliaklqana
  1192 | D:2      | Remembered your ancestor Nebetia as a hexer
  1209 | D:2      | Reached XP level 4. HP: 26/26 MP: 4/4
  1280 | D:2      | Noticed Natasha
  1288 | D:2      | Killed Natasha
  1505 | D:2      | Noticed Natasha
  1523 | D:2      | Killed Natasha
  1524 | D:2      | Reached XP level 5. HP: 23/29 MP: 5/5
  2581 | D:4      | Reached XP level 6. HP: 27/35 MP: 6/6
  2740 | D:4      | Noticed Blork the orc
  2745 | D:4      | Killed Blork the orc
  2746 | D:4      | Reached skill level 1 in Dodging
  2820 | D:4      | Noticed Sigmund
  2830 | D:4      | Killed Sigmund
  2831 | D:4      | Reached skill level 5 in Fighting
  2831 | D:4      | Reached skill level 5 in Armour
  2831 | D:4      | Reached XP level 7. HP: 39/39 MP: 7/7
  2998 | D:4      | Reached *** piety under Hepliaklqana
  3056 | D:4      | Found a runed translucent door.
  3057 | D:4      | Noticed Crazy Yiuf
  3066 | D:4      | Killed Crazy Yiuf
  3245 | D:4      | Noticed Menkaure
  3248 | D:4      | Noticed Edmund
  3254 | D:4      | Killed Menkaure
  3261 | D:4      | Killed Edmund
  3262 | D:4      | Reached XP level 8. HP: 14/45 MP: 8/8
  3622 | D:5      | Entered Level 5 of the Dungeon
  3638 | D:5      | Noticed Duvessa
  3638 | D:5      | Noticed Dowan
  3652 | D:5      | Killed Duvessa
  3663 | D:5      | Killed Dowan
  3716 | D:5      | Reached skill level 5 in Maces & Flails
  4867 | D:6      | Noticed Eustachio
  4878 | D:6      | Killed Eustachio
  4879 | D:6      | Reached skill level 1 in Invocations
  4879 | D:6      | Reached XP level 9. HP: 50/50 MP: 8/10
  4883 | D:6      | Found a staircase to the Ecumenical Temple.
  4933 | D:6      | Reached **** piety under Hepliaklqana
  6268 | D:7      | Reached XP level 10. HP: 57/57 MP: 13/13
  6397 | D:7      | Reached skill level 5 in Dodging
  7434 | D:8      | Reached ***** piety under Hepliaklqana
  7596 | D:8      | Noticed a cyclops
  7596 | D:8      | Noticed a two-headed ogre
  7635 | D:7      | Killed a two-headed ogre
  7636 | D:7      | Reached skill level 5 in Invocations
  7935 | D:8      | Killed a cyclops
  8378 | D:9      | Found an opulent altar of Gozag.
  8382 | D:9      | Found a staircase to the Lair.
  9198 | D:9      | Identified the ring "Tuuk Zoe" {rC+ Will++ Int-3 SInv}
  9719 | D:10     | Entered Level 10 of the Dungeon
  9739 | D:10     | Noticed Josephine
  9751 | D:10     | Killed Josephine
  9752 | D:10     | Reached XP level 11. HP: 58/63 MP: 15/15
  9783 | D:10     | HP: 2/63 [wraith[Josephine] (5)]
  9788 | D:10     | Slain by a centaur

Illustrated notes

Levels and vault maps discovered:
D:1:      shiori_arrival_maze, layout_rooms, hellmonk_ecumenical_altar_lost_god
D:2:      layout_basic, uniq_natasha
D:3:      layout_basic, minmay_fractal_squares_5
D:4:      layout_gridville, serial_rivers, chequers_serial_rivers_marsh,
          chequers_serial_rivers_micro_c, chequers_serial_rivers_large_a,
          chequers_serial_rivers_small_b, kennysheep_generic_room_15,
          uniq_crazy_yiuf_cottage, uniq_menkaure, uniq_sigmund,
          uniq_blork_the_orc, uniq_edmund
D:5:      layout_loops_corners, uniq_duvessa
D:6:      layout_loops_corners, minmay_temple_entry_arrows, uniq_eustachio
D:7:      minmay_s_stair_smasher, layout_loops_ring
D:8:      layout_cave_pods
D:9:      layout_irregular_city, mainiacjoe_overflow_boulevard, lair_entry_dummy
D:10:     layout_loops_ring, erik_orc_3, ebering_ghost_xom,
          minmay_misc_feat_hallway, uniq_josephine

Skill      XL: |  1  2  3  4  5  6  7  8  9 10 |
---------------+-------------------------------+-----
Fighting       | 4 5 6 7 9 |  9.2
Armour         | 4 5 6 8 9 |  9.2
Shields        | 4 |  4.2
Maces & Flails | 3 4 5 6 8 |  8.2
Dodging        | 1 2 3 4 6 |  6.1
Invocations    | 1 4 6 |  6.0

Action                   |  1- 3 |  4- 6 |  7- 9 | 10-12 || total
-------------------------+-------+-------+-------+-------++-------
Melee: Flail             |    87 |   149 |   310 |   295 ||   841
Throw: Dart              |       |       |       |    18 ||    18
       Throwing net      |       |       |       |     1 ||     1
Invok: Ancestor Life: He |     1 |       |       |       ||     1
  Use: Potion            |     2 |       |     1 |     4 ||     7
       Scroll            |     1 |       |     5 |     8 ||    14
 Stab: Confused          |       |     4 |     4 |     5 ||    13
       Distracted        |       |       |     5 |     2 ||     7
Armor: Scale mail        |    14 |       |       |       ||    14
       Pearl dragon scal |    44 |    72 |   173 |   214 ||   503
Dodge: Dodged            |    47 |    60 |   137 |   171 ||   415
Block: Buckler           |    19 |    17 |    70 |    52 ||   158

Table legend: (Time is in decaauts)
 A = Elapsed time spent in this place.
 B = Non-inter-level travel time spent in this place.
 C = Inter-level travel time spent in this place.
 D = Time resting spent in this place.
 E = Time spent auto-exploring this place.
 F = Levels seen in this place.
 G = Mean time per level.
                   A        B        C        D        E       F      G
               +--------+--------+--------+--------+--------+-----+--------+
         Total |   9932 |   9519 |    413 |   1139 |   6377 |  10 |  993.2 |
       Dungeon |   9932 |   9519 |    413 |   1139 |   6377 |  10 |  993.2 |
               +--------+--------+--------+--------+--------+-----+--------+

Top non-repeatable levels by time:
     D:7: 1636 daAuts
     D:9: 1335 daAuts
     D:6: 1172 daAuts
     D:5: 1121 daAuts
     D:1: 1089 daAuts
     D:4: 1061 daAuts
     D:2: 960 daAuts
     D:8: 869 daAuts
     D:3: 604 daAuts
    D:10: 82 daAuts
